 Dungeon Crawl Stone Soup version 0.25.1-9-gc5326a611f (webtiles) character file.

Game seed: 14675210919250402428

18652 AlexTheUnready the Severer (level 12, -17/106 HPs)
             Began as a Hill Orc Gladiator on May 5, 2023.
             Was a Priest of the Shining One.
             Demolished by Rupert
             ... wielding a +7 great mace of venom
              (38 damage)
             ... on level 3 of the Lair of Beasts.
             The game lasted 00:20:56 (15548 turns).

AlexTheUnready the Severer (Hill Orc Gladiator)    Turns: 15548, Time: 00:20:57

Health: -17/106    AC: 17    Str: 22    XL:     12   Next: 60%
Magic:  18/19      EV:  7    Int:  8    God:    the Shining One [***...]
Gold:   739        SH: 14    Dex: 12    Spells: 11/11 levels left

rFire    . . .     SeeInvis .   j - +5 war axe (flame)
rCold    . . .     Gourm    .   w - +0 buckler
rNeg     + + .     Faith    .   C - +0 plate armour
rPois    .         Spirit   .   c - +0 helmet
rElec    .         Reflect  .   (no cloak)
rCorr    .         Harm     .   (no gloves)
MR       .....                  F - +0 pair of boots
Stlth    ..........             (no amulet)
HPRegen  0.27/turn              g - ring of positive energy
MPRegen  0.16/turn              (no ring)

@: lethally poisoned (-17 -> -48), divine shield, glowing
A: no striking features
a: Divine Shield, Renounce Religion


You were on level 3 of the Lair of Beasts.
You worshipped the Shining One.
The Shining One was most pleased with you.
You were not hungry.

You visited 3 branches of the dungeon, and saw 14 of its levels.

You collected 869 gold pieces.
You spent 130 gold pieces at shops.

Inventory:

Hand Weapons
 j - a +5 war axe of flaming (weapon)
 K - a +0 broad axe
Missiles
 n - 7 boomerangs (quivered)
 o - 18 poisoned darts
Armour
 c - a +0 helmet (worn)
 w - a +0 buckler (worn)
 C - a +0 plate armour (worn)
 F - a +0 pair of boots (worn)
 J - a +0 cloak
Jewellery
 g - a ring of positive energy (left hand)
 E - an uncursed ring of fire
Wands
 a - a wand of digging (21)
 A - a wand of iceblast (23)
 I - a wand of enslavement (7)
Scrolls
 d - 2 scrolls of enchant weapon
 h - a scroll of blinking
 i - 2 scrolls of fog
 q - 12 scrolls of remove curse
 r - 9 scrolls of teleportation {unknown}
 t - 5 scrolls of amnesia {unknown}
 u - a scroll of enchant armour {unknown}
 x - 2 scrolls of magic mapping {unknown}
 y - a scroll of fear {unknown}
 D - 2 scrolls of immolation {unknown}
 G - a scroll of holy word {unknown}
 H - a scroll of vulnerability {unknown}
Potions
 b - a potion of might
 e - 5 potions of curing
 k - 2 potions of lignification
 l - 2 potions of haste {unknown}
 m - a potion of cancellation {unknown}
 p - 4 potions of magic {unknown}
 s - a potion of brilliance
 v - a potion of heal wounds
 z - 2 potions of berserk rage {unknown}
 B - 3 potions of flight {unknown}
Comestibles
 f - 20 rations


   Skills:
 + Level 9.6 Fighting
 * Level 17.5 Axes
 + Level 3.2 Throwing
 + Level 10.0 Armour
 - Level 2.4 Dodging
 + Level 2.8 Shields
 * Level 9.8 Invocations


You had 11 spell levels left.
You didn't know any spells.
Your spell library contained the following spells:

 Spells                   Type           Power        Failure   Level  Hunger
 Beastly Appendage        Tmut           #.....       100%        1    ##.....
 Infusion                 Chrm           #...         100%        1    ##.....
 Shock                    Conj/Air       #...         100%        1    ##.....
 Shroud of Golubria       Chrm/Tloc      #.....       100%        2    ###....
 Song of Slaying          Chrm           #.......     100%        2    ###....
 Sticks to Snakes         Tmut           #.......     100%        2    ###....
 Swiftness                Chrm/Air       #.......     100%        2    ###....
 Ozocubu's Armour         Chrm/Ice       #.......     100%        3    ####...
 Spectral Weapon          Hex/Chrm       #.......     100%        3    ####...
 Spider Form              Tmut/Pois      #.........   100%        3    ####...
 Static Discharge         Conj/Air       #.......     100%        3    ####...
 Airstrike                Air            #.........   100%        4    #####..
 Cause Fear               Hex            #.........   100%        4    #####..
 Ice Form                 Ice/Tmut       #.......     100%        4    #####..
 Blade Hands              Tmut           #.........   100%        5    ######.
 Lightning Bolt           Conj/Air       #.........   100%        5    ######.
 Silence                  Hex/Air        #.........   100%        5    ######.
 Yara's Violent Unravell  Hex/Tmut       #.........   100%        5    ######.
 Discord                  Hex            #.........   100%        8    #######


Dungeon Overview and Level Annotations

Branches:
Dungeon (10/15)            Temple (1/1) D:6            Lair (3/6) D:10
 Shoals (0/4) Lair:3          Orc (0/2) D:9
  Snake: Lair:2-4    Spider: Lair:2-4

Altars:
Ashenzari
Cheibriados
Dithmenos
Elyvilon
Fedhas
Gozag
Hepliaklqana
Kikubaaqudgha
Makhleb
Nemelex Xobeh
Okawaru
Qazlal
Sif Muna
Trog
Uskayaw
Vehumet
Wu Jian
Xom
Zin
The Shining One

Shops:
D:5 (

Annotations:
D:7 3 runed translucent doors, AlexTheUnready's ghost, novice MiBe
Lair:3 Rupert


Message History

Rupert hits you with a +7 great mace of venom.
* * * LOW HITPOINT WARNING * * *
You are more poisoned.
You feel better.
Rupert hits you with a +7 great mace of venom!!
* * * LOW HITPOINT WARNING * * *
You are lethally poisoned!
You feel much better.
You feel sick. You block Rupert's attack.
You hit Rupert. You burn Rupert.
Rupert is severely wounded.
You feel sick.
Rupert hits you with a +7 great mace of venom!
* * * LOW HITPOINT WARNING * * *
You are more poisoned.
Unknown command.
You feel much better.
* * * LOW HITPOINT WARNING * * *
You feel very sick.
Rupert hits you with a +7 great mace of venom!!!
You die...

#####.....................
####.....................
##..#.....................
#.........................
#.........................
#.........................
#.##.#........##.#........
#.####....@...# ##......
#.# #..@.<..# #...... #.##
#.......## #...... #..#
##........# ##...... #.##
#........## #.#..... #.#
##........# #...... #.##
#.........# #...... #..#
##........# #.....) #.##
#.........## ##..... #.##
#..........# ##.....


You could see Rupert (berserk).

Vanquished Creatures
  2 hydras (Lair:3)
  Erica (D:8)
  A two-headed ogre (D:9)
  An unseen horror (D:10)
  Nergalle (Lair:3)
  Pikel (D:8)
  An oklob plant (D:10)
  An elephant (Lair:1)
  5 spiny frogs
  A kobold demonologist (D:9)
  2 komodo dragons
  A troll (D:7)
  Grinder (D:4)
  Prince Ribbit (Lair:2)
  10 blink frogs
  7 hippogriffs
  Sigmund (D:6)
  2 wyverns
  4 yaks (Lair:2)
  A steam dragon (D:10)
  Grum (Lair:1)
  A basilisk (Lair:3)
  Edmund (D:6)
  4 water moccasins
  4 porcupines
  An orc warrior (D:9)
  2 ice beasts (D:5)
  A slave (D:8)
  A necrophage (D:10)
  8 ogres
  2 black bears
  4 sky beasts
  2 phantoms (D:7)
  6 centaurs
  2 wolves (Lair:1)
  3 crocodiles
  A big kobold (D:7)
  11 bullfrogs
  9 killer bees
  2 scorpions
  3 wights (D:9)
  2 howler monkeys
  2 electric eels (Lair:1)
  4 crimson imps
  2 hounds
  A bullfrog skeleton (D:10)
  4 centaur skeletons
  A centaur zombie (D:5)
  4 jellies
  2 quasits
  4 orc priests
  4 orc wizards
  Ijyb (D:5)
  2 iguanas
  7 worker ants
  A hound skeleton (D:5)
  A worker ant zombie (D:6)
  7 gnolls
  7 adders
  3 shadow imps
  2 oozes (D:3)
  An adder skeleton (D:4)
  3 worms
  3 dart slugs
  6 leopard geckos
  40 orcs
  4 giant cockroaches
  3 goblins
  11 hobgoblins
  20 kobolds
  3 quokkas
  A ball python (D:4)
  10 bats
  3 frilled lizards
  A giant cockroach zombie (D:5)
  A jackal skeleton (D:5)
  2 quokka skeletons
  A quokka zombie (D:6)
  5 rats
  4 plants
297 creatures vanquished.

Vanquished Creatures (others)
  A slave (D:8)
  A bullfrog (D:8)
  A crimson imp (D:8)
  A plant (Lair:1)
4 creatures vanquished.

Grand Total: 301 creatures vanquished

Notes
Turn   | Place    | Note
-------+----------+-------------------------------------------
     0 | D:1      | AlexTheUnready the Hill Orc Gladiator began the quest for
                  | the Orb.
     0 | D:1      | Reached XP level 1. HP: 18/18 MP: 1/1
   249 | D:1      | Reached XP level 2. HP: 24/25 MP: 2/2
  1130 | D:2      | Reached skill level 5 in Axes
  1161 | D:2      | Reached XP level 3. HP: 29/30 MP: 3/3
  1386 | D:2      | Reached skill level 1 in Armour
  1483 | D:2      | Reached XP level 4. HP: 38/38 MP: 4/4
  2435 | D:3      | You fall into a shaft and drop 2 floors!
  2435 | D:5      | Entered Level 5 of the Dungeon
  2466 | D:5      | Reached skill level 6 in Axes
  2466 | D:5      | Reached XP level 5. HP: 36/45 MP: 5/5
  2574 | D:5      | Noticed an ice beast
  2586 | D:5      | Killed an ice beast
  2728 | D:5      | Reached XP level 6. HP: 48/52 MP: 6/6
  2891 | D:4      | Reached skill level 7 in Axes
  2996 | D:4      | Noticed Grinder
  2997 | D:4      | Paralysed by Grinder for 6 turns
  3423 | D:3      | Found a white marble altar of Elyvilon.
  3444 | D:3      | Became a worshipper of Elyvilon the Healer
  4290 | D:4      | Paralysed by Grinder for 2 turns
  4295 | D:4      | Paralysed by Grinder for 4 turns
  4302 | D:4      | Killed Grinder
  4302 | D:4      | Reached skill level 8 in Axes
  4302 | D:4      | Reached skill level 1 in Invocations
  4302 | D:4      | Reached XP level 7. HP: 28/60 MP: 6/8
  4783 | D:5      | Reached * piety under Elyvilon
  4980 | D:5      | Found Kaguraug's Antique Weapon Shoppe.
  4985 | D:5      | Bought a runed war axe for 130 gold pieces
  5145 | D:5      | Reached skill level 9 in Axes
  5171 | D:5      | Noticed Ijyb
  5191 | D:5      | Killed Ijyb
  5342 | D:5      | Reached XP level 8. HP: 60/67 MP: 8/10
  5752 | D:6      | Reached skill level 10 in Axes
  5753 | D:6      | Noticed Edmund
  5760 | D:6      | Killed Edmund
  5760 | D:6      | Reached skill level 5 in Fighting
  5865 | D:6      | Noticed Sigmund
  5873 | D:6      | Killed Sigmund
  5888 | D:6      | Reached ** piety under Elyvilon
  6143 | D:5      | Reached skill level 11 in Axes
  6143 | D:5      | Reached skill level 5 in Armour
  6163 | D:6      | Reached XP level 9. HP: 48/74 MP: 12/12
  6631 | D:6      | Reached skill level 12 in Axes
  6645 | D:6      | Found a staircase to the Ecumenical Temple.
  6805 | Temple   | Entered the Ecumenical Temple
  6829 | Temple   | Fell from the grace of Elyvilon
  6829 | Temple   | Became a worshipper of the Shining One
  6829 | Temple   | Reached * piety under the Shining One
  6997 | D:7      | Noticed a troll
  7008 | D:7      | Reached skill level 5 in Invocations
  7015 | D:7      | Killed a troll
  7715 | D:7      | Reached skill level 13 in Axes
  7979 | D:7      | Found a runed translucent gate.
  7979 | D:7      | Found a runed translucent gate.
  7979 | D:7      | Found a runed translucent gate.
  8008 | D:7      | Reached XP level 10. HP: 78/83 MP: 14/14
  8087 | D:7      | Reached ** piety under the Shining One
  8088 | D:7      | Noticed AlexTheUnready's ghost (novice MiBe)
  8372 | D:7      | Found a shimmering blue altar of Sif Muna.
  9018 | D:8      | Noticed Pikel
  9024 | D:8      | Killed Pikel
  9283 | D:8      | Reached skill level 14 in Axes
  9525 | D:8      | Found an opulent altar of Gozag.
  9706 | D:8      | Noticed Erica
  9724 | D:8      | Killed Erica
  9941 | D:9      | Found a staircase to the Orcish Mines.
  9949 | D:9      | Noticed a two-headed ogre
  9975 | D:9      | Killed a two-headed ogre
  9975 | D:9      | Reached skill level 15 in Axes
 10214 | D:9      | Identified the +6 dagger of Mytonirphi {vorpal, Str+6
                  | Dex-3}
 10284 | D:9      | Noticed a kobold demonologist
 10293 | D:9      | Killed a kobold demonologist
 10308 | D:9      | Reached XP level 11. HP: 83/92 MP: 16/16
 10630 | D:9      | Reached *** piety under the Shining One
 10701 | D:9      | Reached skill level 1 in Shields
 10880 | D:10     | Entered Level 10 of the Dungeon
 10964 | D:10     | Found a staircase to the Lair.
 10967 | D:10     | Noticed an oklob plant
 11138 | D:10     | Noticed an unseen horror
 11148 | D:10     | Killed an unseen horror
 11148 | D:10     | Reached skill level 16 in Axes
 11783 | D:10     | Killed an oklob plant
 11827 | Lair:1   | Entered Level 1 of the Lair of Beasts
 11897 | Lair:1   | Noticed Grum
 11911 | Lair:1   | Killed Grum
 12709 | Lair:1   | Reached skill level 17 in Axes
 13679 | Lair:1   | Got a slimy lajatang
 13768 | Lair:2   | Noticed Prince Ribbit
 13771 | Lair:2   | Reached XP level 12. HP: 96/103 MP: 18/18
 13785 | Lair:2   | Killed Prince Ribbit
 15081 | Lair:3   | Noticed Nergalle
 15095 | Lair:3   | Killed Nergalle
 15187 | Lair:3   | Found a staircase to the Shoals.
 15193 | Lair:3   | Noticed a four-headed hydra
 15201 | Lair:3   | Killed a one-headed hydra
 15527 | Lair:3   | Noticed Rupert
 15529 | Lair:3   | Paralysed by Rupert for 6 turns
 15532 | Lair:3   | Noticed a four-headed hydra
 15543 | Lair:3   | Killed a one-headed hydra
 15543 | Lair:3   | Reached skill level 10 in Armour
 15547 | Lair:3   | HP: 4/106 [Rupert/+7 great mace of venom (16)]
 15548 | Lair:3   | Demolished by Rupert

Illustrated notes

Levels and vault maps discovered:
D:1:      kennysheep_arrival_forest, layout_loops_cross, moated_statue,
          supply_closet_lemuel
D:2:      layout_basic, kennysheep_flooded_box
D:3:      layout_loops_cross, serial_rivers, chequers_serial_rivers_room_b,
          chequers_serial_rivers_small_3, chequers_serial_rivers_small_3,
          chequers_serial_rivers_micro_d, lemuel_tele_altar
D:4:      layout_basic, first_ration, uniq_grinder
D:5:      layout_gridville, serial_shops, shop, uniq_ijyb
D:6:      layout_loops_ring, temple_hall, uniq_edmund, uniq_sigmund
D:7:      layout_basic, gammafunk_ghost_icy, led_sif_pool
D:8:      layout_basic, nicolae_gozag_seed_capital, uniq_pikel, uniq_erica
D:9:      layout_roguey, david_orc_2
D:10:     layout_gridville, dpeg_oklobed_lair
Temple:   nicolae_temple_the_god_donut
Lair:1:   layout_chaotic_city, columned_hall_lemuel, wad_woods_river_01,
          lemuel_fruit_tree, serial_bayou_shore_a, uniq_grum
Lair:2:   layout_hall_layers, uniq_prince_ribbit2
Lair:3:   layout_small_grid, minmay_shoals_entry_centaurs,
          chequers_serial_rivers_micro_a, uniq_nergalle, uniq_rupert

Skill      XL: |  1  2  3  4  5  6  7  8  9 10 11 12 |
---------------+-------------------------------------+-----
Axes           | 5 6 8 9 11 13 15 17 | 17.5
Fighting       | 3 4 5 6 7 8 9 |  9.6
Armour         | 1 2 3 4 5 6 7 8 10 | 10.0
Throwing       | 2 3 |  3.2
Invocations    | 1 2 4 6 7 8 9 |  9.8
Shields        | 2 |  2.8
Dodging        | |  2.4

Action                   |  1- 3 |  4- 6 |  7- 9 | 10-12 || total
-------------------------+-------+-------+-------+-------++-------
Melee: War axe           |   102 |   169 |   207 |   378 ||   856
Throw: Throwing net      |       |     3 |       |       ||     3
       Boomerang         |       |       |       |    27 ||    27
Invok: Divine Shield     |       |       |       |     1 ||     1
Evoke: Wand              |       |       |       |     3 ||     3
  Use: Potion            |     3 |       |       |     5 ||     8
       Scroll            |       |     4 |     1 |     6 ||    11
 Stab: Held in net/web   |       |     3 |       |       ||     3
  Eat: Chunk             |     2 |     7 |     7 |    20 ||    36
       Ration            |       |     1 |     1 |     1 ||     3
Armor: Leather armour    |    50 |    23 |       |       ||    73
       Chain mail        |       |    40 |   126 |    10 ||   176
       Plate armour      |       |       |       |   175 ||   175
Dodge: Dodged            |   103 |    96 |    91 |    90 ||   380
Block: Buckler           |       |       |    14 |    69 ||    83
